cohdb
Replays
Latest Replays
All Replays
Popular Replays
Top Player Replays
Match Explorer
How It Works
Community
CoH3 Stats
Reddit
Sign in to upload your games and track your stats! →
Sign in with Steam
Match 47274945
Unlisted
Match 47274945
Overview
Messages
Build Orders
End
Kradschützen Motorcycle Team
Selects Italian Combined Arms Battlegroup
Selects Bersaglieri Squad
Bersaglieri Squad
Bersaglieri Squad
Bersaglieri Squad
Construct Light Support Kompanie
Fire Support Elements
2.5-tonne Medical Truck
Panzerjäger Mechanized Group
Selects Bersaglieri Bolster
Selects Breda Model 30 Light Machine Guns
Construct Panzerarmee Kommand
Veteran Squad Leaders
Armored Reserves
Rapid Advance
Tiger Heavy Tank
faunusflora
Gwhit
Glup Shitto
Shingles
N0x
protools
0
0
Comments
sign in to comment!
No comments posted yet!